 Dungeon Crawl Stone Soup version 0.20.1-1-g8b1a95d (webtiles) character file.

668 schets the Magician (level 7, 0/36 HPs)
             Began as a Deep Elf Fire Elementalist on Oct 21, 2017.
             Slain by Duvessa
             ... wielding a +0 rapier
              (10 damage)
             ... on level 4 of the Dungeon.
             The game lasted 00:17:07 (5532 turns).

schets the Magician (Deep Elf Fire Elementalist)    Turns: 5532, Time: 00:17:07

Health: 0/36       AC:  9    Str:  4 (5)  XL:     7   Next: 32%
Magic:  16/16      EV: 17    Int: 22      God:
Gold:   146        SH:  0    Dex: 15      Spells: 7/16 levels left

rFire    + . .     SeeInvis .   s - +0 club
rCold    . . .     Gourm    .   (no shield)
rNeg     . . .     Faith    .   f - +0 troll leather armour {Purgy}
rPois    .         Spirit   .   h - +0 helmet
rElec    .         Reflect  .   (no cloak)
rCorr    .         Harm     .   q - +2 pair of gloves
MR       .....                  (no boots)
Stlth    ++........             (no amulet)
Regen    0.6/turn               m - +5 ring of evasion
MPRegen  0.2/turn               w - ring of protection from fire

@: no status effects
A: no striking features
a: no special abilities


You were on level 4 of the Dungeon.
You were not hungry.

You visited 1 branch of the dungeon, and saw 5 of its levels.
You also visited: Sewer.

You collected 236 gold pieces.
You spent 90 gold pieces at shops.

Inventory:

Hand Weapons
 s - a +0 club (weapon)
Armour
 a - a +0 robe
 f - a +0 troll leather armour (worn) {Purgy}
 h - a +0 helmet (worn)
 q - a +2 pair of gloves (worn)
 A - a +0 shield
Jewellery
 g - an uncursed ring of stealth
 m - a +5 ring of evasion (left hand)
 w - a ring of protection from fire (right hand)
Wands
 l - a wand of random effects (26/48)
Scrolls
 d - 5 scrolls of remove curse
 n - 2 scrolls of recharging
 t - a scroll of fear
 x - a scroll of fog {unknown}
 y - 2 scrolls of blinking {unknown}
 B - a scroll of random uselessness {unknown}
Potions
 e - a potion of ambrosia {unknown}
 o - a potion of curing
 r - a potion of berserk rage {unknown}
 u - a potion of flight
 z - a potion of invisibility
Books
 b - a book of Flames

   Spells                             Type                      Level
   a - Flame Tongue                   Conjuration/Fire             1
   b - Throw Flame                    Conjuration/Fire             2
   c - Conjure Flame                  Conjuration/Fire             3
   d - Inner Flame                    Hexes/Fire                   3
   e - Sticky Flame                   Conjuration/Fire             4
   f - Fireball                       Conjuration/Fire             5
Comestibles
 c - 4 bread rations
 i - 3 fruits
 k - a meat ration


   Skills:
 * Level 4.1 Armour
 - Level 2.7 Dodging
 - Level 3.2 Stealth
 - Level 5.0 Spellcasting
 - Level 3.8 Conjurations
 - Level 1.5 Hexes
 - Level 4.6 Fire Magic


You had 7 spell levels left.
You knew the following spells:

 Your Spells              Type           Power        Failure   Level  Hunger
a - Flame Tongue          Conj/Fire      ###..        3%          1    None
b - Throw Flame           Conj/Fire      ###...       4%          2    None
c - Conjure Flame         Conj/Fire      ###.....     9%          3    ##.....
d - Inner Flame           Hex/Fire       ###.....     14%         3    ##.....


Dungeon Overview and Level Annotations

Branches:
Dungeon (5/15)
 Temple: D:4-7

Altars:
Fedhas
Trog
Vehumet
Zin
The Shining One

Annotations:
D:2 Terence
D:3 Sigmund
D:4 Duvessa


Message History

There isn't anything to butcher here.
You start resting.
Your magical contamination has completely faded away.
You start resting.
Magic restored.
Unknown command.
Casting: Flame Tongue
Confirm with . or Enter, or press ? or * to list all spells.
Okay, then.
Unknown command.
All of the chunks of flesh in your inventory have rotted away.
Duvessa goes berserk!
Okay, then.
Duvessa hits you with a rapier! Duvessa hits you but does no damage.
Duvessa hits you with a rapier!!
Ouch! That really hurt!
* * * LOW HITPOINT WARNING * * *
Duvessa hits you with a rapier!
You die...

..............#######......
................#..#..#.##.
.####.#.#.#.#...#..#..#....
#.#.#.#.#...#..#..####. #
#.#.#.#.......>......
#.#.#.##.....#..#..#.
###...#.##..##.#.....#.
#....e.................
#.##..@........#.##.### ...
#######...........). ###
#######.##.### #.##.#
####.# #.# #.# #.. ###


You could see Duvessa (berserk).

Vanquished Creatures
  A phantom (D:4)
  Purgy (Sewer)
  An ogre (D:4)
  Dowan (D:4)
  The ghost of Fireblaze683 the Magician, a weakling DEWz (D:3)
  A hound (D:4)
  Jessica (D:2)
  2 orc wizards (D:4)
  3 worker ants (D:4)
  2 adders (D:2)
  4 gnolls (D:4)
  2 worms
  2 leopard geckos
  12 orcs
  A ball python (D:3)
  3 giant cockroaches
  5 goblins
  7 hobgoblins
  5 jackals
  9 kobolds
  A quokka (D:2)
  6 bats
  2 frilled lizards
  8 rats
81 creatures vanquished.

Vanquished Creatures (others)
  A dart slug (D:2)
1 creature vanquished.

Grand Total: 82 creatures vanquished

Notes
Turn   | Place    | Note
-------+----------+-------------------------------------------
     0 | D:1      | schets the Deep Elf Fire Elementalist began the quest for the Orb.
     0 | D:1      | Reached XP level 1. HP: 10/10 MP: 6/6
   490 | D:1      | Reached XP level 2. HP: 15/15 MP: 6/8
   729 | D:1      | Learned a level 2 spell: Throw Flame
  1114 | D:2      | Reached XP level 3. HP: 14/19 MP: 1/9
  1120 | D:2      | Noticed Terence
  1254 | D:2      | Found a glowing golden altar of the Shining One.
  1902 | D:2      | Noticed Jessica
  1925 | D:2      | Killed Jessica
  1925 | D:2      | Reached XP level 4. HP: 18/24 MP: 6/11
  1993 | D:2      | Learned a level 3 spell: Conjure Flame
  1997 | D:2      | Learned a level 3 spell: Inner Flame
  2183 | D:2      | Found a radiant altar of Vehumet.
  2954 | D:3      | Noticed Fireblaze683's ghost (weakling DEWz)
  3066 | D:3      | Noticed Sigmund
  3096 | D:3      | Found a glowing drain.
  3419 | Sewer    | Entered a sewer
  3481 | Sewer    | Noticed Purgy
  3487 | Sewer    | Killed Purgy
  3487 | Sewer    | Reached skill level 4 in Spellcasting
  3487 | Sewer    | Reached skill level 1 in Hexes
  3487 | Sewer    | Reached XP level 5. HP: 28/28 MP: 3/13
  3798 | D:3      | Found a blossoming altar of Fedhas.
  3898 | D:4      | Reached skill level 1 in Armour
  4033 | D:4      | Found Zin's Purification Station.
  4033 | D:4      | Found a glowing silver altar of Zin.
  4050 | D:4      | Noticed Dowan
  4106 | D:4      | Reached XP level 6. HP: 32/32 MP: 3/14
  4818 | D:4      | Reached XP level 7. HP: 31/36 MP: 6/15
  4853 | D:4      | Noticed Duvessa
  4872 | D:3      | Killed Fireblaze683's ghost
  5181 | D:4      | Found a bloodstained altar of Trog.
  5198 | D:4      | Bought a potion of curing for 90 gold pieces
  5248 | D:5      | Entered Level 5 of the Dungeon
  5440 | D:4      | Killed Dowan
  5440 | D:4      | Reached skill level 5 in Spellcasting
  5532 | D:4      | Slain by Duvessa

Skill      XL: |  1  2  3  4  5  6  7 |
---------------+----------------------+-----
Stealth        | 3 |  3.2
Conjurations   | 2 3 |  3.8
Fire Magic     | 4 |  4.6
Spellcasting   | 4 5 |  5.0
Hexes          | 1 |  1.5
Armour         | 2 3 4 |  4.1
Dodging        | |  2.7

Action                   |  1- 3 |  4- 6 |  7- 9 || total
-------------------------+-------+-------+-------++-------
Melee: Club              |       |     3 |       ||     3
 Cast: Flame Tongue      |    56 |    92 |    31 ||   179
       Throw Flame       |     3 |     1 |     1 ||     5
       Conjure Flame     |       |    15 |     5 ||    20
       Inner Flame       |       |     3 |       ||     3
  Use: Scroll            |     1 |     3 |     1 ||     5
       Potion            |       |     7 |       ||     7
  Eat: Chunk             |     2 |     9 |       ||    11
       Meat ration       |       |     1 |       ||     1
Armor: Robe              |     2 |     2 |     1 ||     5
       Troll leather arm |       |       |     7 ||     7
Dodge: Dodged            |    13 |    51 |    13 ||    77
